AoeStats
← molnarvanessza96

Arena

507827057Analyzed
3v3 RM · 11d ago on Sep 19, 2026· 54m 31s· 6 players
Game mode
Random Map
Map size
Normal (6 player)
Population
200
Speed
Normal
Resources
Standard
Victory
Conquest
Starting age
Dark Age
Ending age
Imperial Age
RankedLock teamsTeams togetherTeam positionsShared explorationLock speedFull tech treeHidden civsTurbo modeCheats
Victory
Defeat
🇨🇱 Cumans · Chile
955
+11
🇹🇷 Turks · Türkiye
948
+11
🇬🇧 Vietnamese · United Kingdom
830
+18
🇭🇺 Celts · Hungary
880
-14
🇷🇺 Khmer · Russia
848
-13
🇭🇺 Persians · Hungary
786
-11
유독한 사람
9:26 Loom
11:28 Feudal Age
14:50 Castle Age
13:06 Horse Collar
14:29 Double-Bit Axe
16:06 Heavy Plow
17:56 Bow Saw
24:27 Scale Barding Armor
24:33 Forging
25:23 Bloodlines
25:14 Husbandry
24:34 Light Cavalry
25:27 Gold Mining
27:27 Chain Barding Armor
27:42 Iron Casting
28:18 Stone Mining
34:25 Imperial Age
32:33 Wheelbarrow
31:43 Town Watch
35:46 Plate Barding Armor
35:18 Heavy Scorpion
36:42 Hussar
38:48 Ballistics
45:06 Double Crossbow
49:02 Conscription
molnarvanessza96
4:40 Loom
11:29 Feudal Age
11:54 Double-Bit Axe
13:47 Horse Collar
21:22 Castle Age
19:56 Bloodlines
20:00 Gold Mining
20:06 Stone Mining
20:57 Forging
23:26 Bow Saw
23:19 Heavy Plow
23:58 Iron Casting
24:53 Gold Shaft Mining
24:57 Stone Shaft Mining
24:48 Fletching
24:59 Padded Archer Armor
28:17 Scale Barding Armor
32:24 Imperial Age
30:33 Wheelbarrow
29:48 Town Watch
30:39 Husbandry
31:03 Chain Barding Armor
30:41 Bodkin Arrow
31:01 Leather Archer Armor
30:59 Caravan
31:07 Town Patrol
31:39 Hand Cart
31:40 Bodkin Arrow
32:01 Leather Archer Armor
33:52 Blast Furnace
33:28 Plate Barding Armor
32:26 Cavalier
34:05 Crop Rotation
34:49 Citadels
35:49 Chemistry
38:02 Ballistics
37:53 Masonry
38:03 Savar
39:26 Thumb Ring
40:43 Architecture
40:08 Murder Holes
43:22 Scale Mail Armor
46:26 Conscription
48:53 Pikeman
49:34 Squires
50:26 Ring Archer Armor
50:12 Chain Mail Armor
49:22 Halberdier
49:48 Gambesons
TheRamblingWorld
0:39 Loom
11:47 Feudal Age
19:06 Castle Age
16:58 Horse Collar
17:42 Double-Bit Axe
18:30 Town Watch
19:31 Pikeman
22:56 Arson
23:51 Bow Saw
26:32 Scale Mail Armor
26:42 Forging
28:34 Stone Mining
28:34 Gold Mining
29:18 Forging
29:23 Chain Mail Armor
29:03 Fletching
29:59 Heavy Plow
32:00 Bodkin Arrow
32:41 Stronghold
35:42 Fortified Wall
36:12 Wheelbarrow
36:18 Masonry
36:30 Ballistics
36:28 Chain Mail Armor
36:48 Iron Casting
43:11 Treadmill Crane
theoKn
0:28 Loom
12:18 Feudal Age
13:37 Wheelbarrow
13:23 Double-Bit Axe
18:15 Castle Age
19:21 Hand Cart
19:22 Bow Saw
20:39 Husbandry
22:16 Bloodlines
26:22 Gold Mining
26:34 Horse Collar
27:44 Heavy Plow
31:03 Imperial Age
32:34 Scale Barding Armor
34:08 Two-Man Saw
35:01 Chain Barding Armor
38:28 Plate Barding Armor
38:04 Forging
39:11 Conscription
39:59 Stone Mining
41:21 Artillery
44:24 Ballistics
44:25 Bombard Tower
44:08 Scale Mail Armor
44:45 Iron Casting
44:14 Heavy Scorpion
52:24 Chain Mail Armor
53:12 Blast Furnace
52:32 Padded Archer Armor
54:49 Gold Shaft Mining
53:56 Treadmill Crane
Zealot
7:01 Loom
10:03 Feudal Age
11:00 Double-Bit Axe
10:56 Horse Collar
11:57 Wheelbarrow
19:14 Bloodlines
19:17 Forging
20:11 Gold Mining
23:14 Castle Age
21:41 Stone Mining
22:30 Scale Barding Armor
28:08 Gold Shaft Mining
27:09 Light Cavalry
32:21 Hand Cart
31:53 Capped Ram
35:18 Chain Barding Armor
35:34 Iron Casting
42:29 Imperial Age
43:46 Plate Barding Armor
44:12 Blast Furnace
43:41 Steppe Husbandry
43:25 Elite Steppe Lancer
46:28 Siege Ram
悟 GOKU 悟
1:18 Loom
13:45 Feudal Age
15:39 Double-Bit Axe
18:01 Castle Age
17:12 Fletching
19:45 Wheelbarrow
19:22 Bow Saw
19:46 Gold Mining
19:49 Stone Mining
19:50 Horse Collar
26:01 Stone Shaft Mining
25:32 Heavy Plow
25:57 Padded Archer Armor
26:57 Hand Cart
31:36 Imperial Age
29:33 Bodkin Arrow
29:58 Town Watch
30:00 Treadmill Crane
31:11 Chatras
32:43 Paper Money
32:52 Bracer
33:54 Chemistry
34:14 Two-Man Saw
34:47 Leather Archer Armor
34:55 Ballistics
36:01 Elite Fire Lancer
37:26 Forging
38:08 Town Patrol
39:49 Elite Battle Elephant
43:59 Iron Casting
43:49 Bombard Tower
47:01 Sappers
48:37 Caravan
48:56 Elite Rattan Archer
51:37 Hoardings
50:54 Heated Shot
52:51 Ring Archer Armor
52:09 Arrowslits
Connection lost

Rejoining the realm…

Still unreachable

The connection could not be restored.

Session expired

The server has moved on; the page needs a fresh start.